 Dungeon Crawl Stone Soup version 0.27-a0-1557-g57f10a385c (webtiles) character file.

Game seed: 17780677180008709974

34 Sweetruy1997 the Gusty (level 3, 0/26 HPs)
             Began as a Draconian Air Elementalist on July 15, 2021.
             Slain by Terence (6 damage)
             ... on level 2 of the Dungeon.
             The game lasted 00:03:21 (1369 turns).

Sweetruy1997 the Gusty (Draconian Air Elementalist) Turns: 1369, Time: 00:03:22

Health: 0/26       AC:  6    Str: 10    XL:     3   Next: 14%
Magic:  0/6        EV: 12    Int: 16    God:
Gold:   18         SH:  0    Dex: 11    Spells: 0/6 levels left

rFire    . . .     SeeInvis .   a - +0 dagger
rCold    . . .     Faith    .   (no shield)
rNeg     . . .     Spirit   .   (armour unavailable)
rPois    .         Reflect  .   (helmet restricted)
rElec    .         Harm     .   b - +0 cloak
rCorr    .         Rampage  .   (no gloves)
Will     .....                  (no boots)
Stlth    ++........             (no amulet)
HPRegen  0.08/turn              (no ring)
MPRegen  0.10/turn              (no ring)

@: about to teleport
A: AC +5, unfitting armour, cold-blooded
a: no special abilities


You were on level 2 of the Dungeon.
You visited 1 branch of the dungeon, and saw 2 of its levels.

You collected 18 gold pieces.

Inventory:

Hand Weapons
 a - a +0 dagger (weapon)
Missiles
 d - 8 boomerangs
Armour
 b - a +0 cloak (worn)
Scrolls
 c - a scroll of brand weapon {unknown}
 e - a scroll of identify {unknown}
 f - a scroll of amnesia {unknown}
 h - a scroll of enchant weapon {unknown}
 i - a scroll of fear {unknown}


   Skills:
 + Level 0.2 Fighting
 + Level 1.9 Dodging
 - Level 2.0 Stealth
 + Level 2.3 Spellcasting
 + Level 1.3 Conjurations
 + Level 3.6 Air Magic


You couldn't memorise any spells.
You knew the following spells:

 Your Spells              Type           Power      Damage    Failure   Level
a - Shock                 Conj/Air       36%        1d5       7%          1
b - Static Discharge      Conj/Air       9%         N/A       11%         2
c - Swiftness             Air            13%        N/A       13%         3

Your spell library contained the following spells:

 Spells                   Type           Power      Damage    Failure   Level
 Airstrike                Air            6%         N/A       41%         4


Dungeon Overview and Level Annotations

Branches:
Dungeon (2/15)

Altars:

Annotations:
D:2 Terence


Innate Abilities, Weirdness & Mutations

Your plain brown scales are hard. (AC +5)
You cannot fit into any form of body armour.
You are cold-blooded and may be slowed by cold attacks.


Message History

Terence barely misses you.
You see here a bat corpse.
You aren't carrying any potions.
As you read the scroll labelled ACEIZEEFAL, it crumbles to dust.
You feel strangely unstable.
It was a scroll of teleportation.
Terence says, "Don't bother to defend, it's useless."
Terence barely misses you.
You hit Terence but do no damage.
Terence is lightly wounded.
Terence closely misses you.
You hit Terence but do no damage.
Terence is lightly wounded.
Terence closely misses you.
You completely miss Terence.
Terence is lightly wounded.
Your surroundings seem slightly different.
Found 3 gold pieces.
Terence says, "You're history."
The zap misses Terence.
Throw: 8 boomerangs
Press: ? - help, Shift-Dir - straight line, f/p - Terence
Aim: Terence, wielding a +0 trident and wearing a +0 chain mail (lightly wounded, 62% to hit)
You throw a boomerang. The boomerang closely misses Terence.
Terence hits you from afar with a +0 trident!
Terence hits you with a +0 trident!
You hit Terence.
You tail-slap Terence, but do no damage.
Terence is lightly wounded.
Terence hits you but does no damage.
You hit Terence but do no damage.
Terence is lightly wounded.
Terence closely misses you.
You hit Terence but do no damage.
You tail-slap Terence, but do no damage.
Terence is lightly wounded.
Terence hits you with a +0 trident.
* * * LOW HITPOINT WARNING * * *
As you read the scroll of teleportation, it crumbles to dust.
You feel strangely unstable. Terence hits you with a +0 trident.
You die...

# ## ###### # #.
...... # . ..#.#####
...... #
....#.....##...... #
........@.......... #
.........@.........
.$....)...............
...........†..........
##.........####+##....
###..........# .....
#..........###.....
#..................
+..................


You could see Terence.

Vanquished Creatures
  A dart slug (D:1)
  2 ball pythons (D:1)
  4 bats
  2 giant cockroaches (D:1)
  5 goblins
  3 hobgoblins (D:1)
  4 kobolds (D:1)
  A quokka (D:1)
  4 frilled lizards
  3 rats (D:1)
29 creatures vanquished.

Notes
Turn   | Place    | Note
-------+----------+-------------------------------------------
     0 | D:1      | Sweetruy1997 the Draconian Air Elementalist began the quest
                  | for the Orb.
     0 | D:1      | Reached XP level 1. HP: 14/14 MP: 3/3
   540 | D:1      | Reached XP level 2. HP: 20/20 MP: 0/5
   600 | D:1      | Learned a level 2 spell: Static Discharge
  1120 | D:1      | Reached XP level 3. HP: 26/26 MP: 2/6
  1124 | D:1      | Learned a level 3 spell: Swiftness
  1352 | D:2      | Noticed Terence
  1369 | D:2      | Slain by Terence

Illustrated notes

Levels and vault maps discovered:
D:1:      amcnicky_arrival_single_pillar, layout_rooms, minmay_surrounded
D:2:      layout_basic, shapermc_ecumenical_altar_flowoftime, uniq_terence

Skill      XL: |  1  2  3 |
---------------+----------+-----
Stealth        | 2 |  2.0
Fighting       | |  0.2
Dodging        | |  1.9
Spellcasting   | |  2.3
Conjurations   | |  1.3
Air Magic      | |  3.6

Action                   || total
-------------------------++-------
Melee: Unarmed           ||    20
       Dagger            ||    20
       Tailslap          ||     4
Throw: Boomerang         ||     1
 Cast: Shock             ||    46
       Static Discharge  ||     3
  Use: Scroll            ||     2
Armor: Skin              ||    15
Dodge: Dodged            ||    35

Table legend: (Time is in decaauts)
 A = Elapsed time spent in this place.
 B = Non-inter-level travel time spent in this place.
 C = Inter-level travel time spent in this place.
 D = Time resting spent in this place.
 E = Time spent auto-exploring this place.
 F = Levels seen in this place.
 G = Mean time per level.
                   A        B        C        D        E       F      G
               +--------+--------+--------+--------+--------+-----+--------+
         Total |   1368 |   1352 |     16 |    403 |    746 |   2 |  684.0 |
       Dungeon |   1368 |   1352 |     16 |    403 |    746 |   2 |  684.0 |
               +--------+--------+--------+--------+--------+-----+--------+

Top non-repeatable levels by time:
     D:1: 1243 daAuts
     D:2: 125 daAuts
